 Dungeon Crawl Stone Soup version 0.24.0-13-gcf9b319 (webtiles) character file.

Game seed: 6049908859167609078, levelgen mode: deterministic

1044 Birdy the Covert (level 8, -4/50 HPs)
             Began as a Halfling Assassin on Jan 9, 2020.
             Killed from afar by an orc wizard (10 damage)
             ... with a puff of flame
             ... on level 5 of the Dungeon.
             The game lasted 00:12:08 (6075 turns).

Birdy the Covert (Halfling Assassin)                Turns: 6075, Time: 00:12:08

Health: -4/50      AC:  5    Str: 12    XL:     8   Next: 49%
Magic:  8/8        EV: 14    Int:  9    God:
Gold:   250        SH:  0    Dex: 18    Spells: 7/7 levels left

rFire    . . .     SeeInvis .   n - +2 dagger (venom)
rCold    + . .     Gourm    .   (shield restricted)
rNeg     . . .     Faith    .   p - +0 leather armour
rPois    .         Spirit   .   (no helmet)
rElec    .         Reflect  .   c - +0 cloak
rCorr    .         Harm     .   h - +0 pair of gloves
MR       .....                  (no boots)
Stlth    ++++......             (no amulet)
HPRegen  0.16/turn              j - ring of protection from cold
MPRegen  0.11/turn              (no ring)

@: about to teleport
A: small, mutation resistance 1
a: no special abilities


You were on level 5 of the Dungeon.
You were not hungry.

You visited 1 branch of the dungeon, and saw 5 of its levels.

You collected 250 gold pieces.

Inventory:

Hand Weapons
 n - a +2 dagger of venom (weapon)
Missiles
 a - a throwing net (quivered)
 d - 62 poisoned darts
 e - 2 curare-tipped darts
Armour
 c - a +0 cloak (worn)
 h - a +0 pair of gloves (worn)
 i - a cursed +0 buckler
 p - a +0 leather armour (worn)
Jewellery
 j - a ring of protection from cold (left hand)
 l - an uncursed ring of ice
Scrolls
 k - 2 scrolls of remove curse
 s - a scroll of teleportation
Potions
 g - a potion of brilliance
 t - 2 potions of flight
Comestibles
 f - 9 rations


   Skills:
 - Level 2.0 Fighting
 - Level 5.0 Short Blades
 - Level 2.0 Throwing
 - Level 4.3 Armour
 - Level 2.0 Dodging
 + Level 9.7 Stealth


You had 7 spell levels left.
You didn't know any spells.
Your spell library was empty.

Dungeon Overview and Level Annotations

Branches:
Dungeon (5/15)
 Temple: D:4-7

Altars:
Ashenzari
Fedhas
Trog
Xom
Yredelemnul

Annotations:
D:4 1 runed translucent door, BigBluFrog's ghost, novice GnSk


Innate Abilities, Weirdness & Mutations

You are small and have problems with some larger weapons.
You are somewhat resistant to further mutation.


Message History

Beogh smites you! The centaur hits you!
* * * LOW HITPOINT WARNING * * *
Unknown command.
Throwing (i - inventory. (/) - cycle)
a - 2 throwing nets (quivered)
Press: ? - help, Shift-Dir - straight line, f/p - orc wizard
Aim: an orc wizard, wielding a +0 dagger and wearing a +0 robe (fast)
You throw a throwing net.
The throwing net barely misses the orc wizard.
You kill the orc priest!
The orc wizard hits you with a +0 dagger.
* * * LOW HITPOINT WARNING * * *
The centaur hits you.
* * * LOW HITPOINT WARNING * * *
The orc wizard completely misses you.
Okay, then.
As you read the scroll of teleportation, it crumbles to dust.
You feel strangely unstable. The centaur misses you.
The orc wizard casts a spell at you. The puff of flame hits you!
You die...

#......+.....#.....#
#......#..>..#.....#
#......#.....'.....# #
#......###'###.....# #
#......†.......# #####
#.#####........#
#...###..####........#
.....##....##>..c....#
..†...#....##..)@....#
......#.....#..(#o####
......##....#####...+
.....###....# ...(#
#.).## ###..# .....#
##'########.# .##...#
............### #...#
............# #....
............# ......


You could see a centaur and an orc wizard.

Vanquished Creatures
  Eustachio (D:5)
  An ogre (D:4)
  A scorpion (D:4)
  A gnoll shaman (D:4)
  A hound (D:4)
  5 orc priests
  2 bullfrog skeletons (D:5)
  2 iguanas
  2 orc wizards (D:5)
  A worker ant (D:4)
  A worker ant zombie (D:5)
  11 gnolls
  13 adders
  3 adder skeletons
  4 worms
  A dart slug (D:1)
  4 leopard geckos
  16 orcs
  A ball python (D:4)
  4 giant cockroaches
  8 goblins
  12 hobgoblins
  5 jackals
  2 quokkas (D:5)
  6 bats
  8 frilled lizards
  9 kobolds
  A quokka skeleton (D:4)
  9 rats
  A spectral orc (D:4)
136 creatures vanquished.

Vanquished Creatures (others)
  An orc wizard (D:5)
  Ijyb (D:5)
  4 orcs (D:5)
6 creatures vanquished.

Grand Total: 142 creatures vanquished

Notes
Turn   | Place    | Note
-------+----------+-------------------------------------------
     0 | D:1      | Birdy the Halfling Assassin began the quest for the Orb.
     0 | D:1      | Reached XP level 1. HP: 14/14 MP: 1/1
    83 | D:1      | Reached XP level 2. HP: 18/19 MP: 2/2
   402 | D:1      | Reached skill level 1 in Armour
   451 | D:1      | Reached XP level 3. HP: 24/24 MP: 3/3
  1295 | D:2      | Reached XP level 4. HP: 29/29 MP: 4/4
  1525 | D:2      | Found a bloodstained altar of Trog.
  1611 | D:2      | Found a shimmering altar of Xom.
  1810 | D:3      | Found a blossoming altar of Fedhas.
  1812 | D:3      | Reached skill level 5 in Stealth
  1872 | D:3      | Reached XP level 5. HP: 9/34 MP: 5/5
  2674 | D:3      | Reached XP level 6. HP: 39/39 MP: 6/6
  3026 | D:4      | Found a runed translucent door.
  3026 | D:4      | Noticed BigBluFrog's ghost (novice GnSk)
  3096 | D:4      | Found a shattered altar of Ashenzari.
  3157 | D:4      | Reached skill level 6 in Stealth
  3183 | D:4      | HP: 2/58 [poisoned by a scorpion]
  3191 | D:4      | HP: 2/58 [poisoned by a scorpion]
  3598 | D:4      | Reached XP level 7. HP: 41/45 MP: 7/7
  3606 | D:4      | Reached skill level 5 in Short Blades
  3692 | D:4      | Reached skill level 7 in Stealth
  4933 | D:4      | Found a basalt altar of Yredelemnul.
  5139 | D:5      | Entered Level 5 of the Dungeon
  5181 | D:5      | Noticed Ijyb
  5200 | D:5      | Killed Ijyb
  5547 | D:5      | Reached skill level 8 in Stealth
  5564 | D:5      | Reached XP level 8. HP: 12/50 MP: 8/8
  5877 | D:5      | Noticed Eustachio
  5889 | D:5      | Killed Eustachio
  5889 | D:5      | Reached skill level 9 in Stealth
  6075 | D:5      | Killed from afar by an orc wizard

Levels and vault maps discovered:
D:1:      shiori_arrival_maze, layout_basic
D:2:      layout_loops_ring, lemuel_crystal_altar, lightli_temple_of_fire,
          solitary_fountain
D:3:      layout_loops_ring, overflow_temple_1_default, first_ration
D:4:      layout_basic, ashenzari_altar_1, yredelemnul_forgotten_temple_becter,
          hellmonk_ghost_happy_afterlife
D:5:      minmay_opposing_rooms, layout_gridville, uniq_ijyb, uniq_eustachio

Skill      XL: |  1  2  3  4  5  6  7  8 |
---------------+-------------------------+-----
Fighting       | 2 |  2.0
Armour         | 1 2 3 4 |  4.3
Short Blades   | 3 4 5 |  5.0
Dodging        | 2 |  2.0
Stealth        | 5 6 8 9 |  9.7
Throwing       | |  2.0

Action                   |  1- 3 |  4- 6 |  7- 9 || total
-------------------------+-------+-------+-------++-------
Melee: Dagger            |    71 |   177 |   179 ||   427
Throw: Dart              |       |    11 |     5 ||    16
       Throwing net      |       |       |     2 ||     2
Evoke: Wand              |       |       |     1 ||     1
  Use: Scroll            |       |     6 |     3 ||     9
       Potion            |       |     7 |     4 ||    11
 Stab: Sleeping          |     7 |    14 |     5 ||    26
       Distracted        |     1 |     1 |       ||     2
       Confused          |       |       |     2 ||     2
  Eat: Chunk             |     1 |     7 |     8 ||    16
Armor: Robe              |     4 |       |       ||     4
       Leather armour    |     1 |    38 |    42 ||    81
       Skin              |       |     2 |       ||     2
Dodge: Dodged            |    39 |    98 |   143 ||   280
